 Dungeon Sprint DCSS version 0.24-a0-530-g18ba70b503 (webtiles) character file.

Game seed: 5006811045792256284

267 DasRunzen the Skirmisher (level 6, -4/60 HPs)
             Began as a Minotaur Fighter on Aug 9, 2019.
             Was an Initiate of Okawaru.
             Slain by a gargoyle
             ... wielding a +0 flail
              (9 damage)
             ... in the Dungeon (Sprint IX: "|||||||||||||||||||||||||||||").
             The game lasted 00:01:06 (285 turns).

DasRunzen the Skirmisher (Minotaur Fighter)          Turns: 285, Time: 00:01:07

Health: -4/60      AC:  8    Str: 21    XL:     6   Next: 0%
Magic:  3/7        EV: 13    Int:  5    God:    Okawaru [......]
Gold:   0          SH: 11    Dex: 14    Spells: 5/5 levels left

rFire    . . .     SeeInvis .   q - +2 scimitar (elec)
rCold    . . .     Gourm    .   c - +0 shield
rNeg     . . .     Faith    .   b - +0 scale mail
rPois    .         Spirit   .   (helmet restricted)
rElec    .         Reflect  .   (no cloak)
rCorr    .         Harm     .   (no gloves)
MR       .....     NoTele   +   (no boots)
Stlth    ..........             (no amulet)
HPRegen  0.20/turn              r - +3 ring of dexterity
MPRegen  0.10/turn              s - +2 ring of evasion

@: no status effects
A: retaliatory headbutt, horns 2
a: Renounce Religion


You were in the Dungeon.
You worshipped Okawaru.
Okawaru was noncommittal.
You were not hungry.

You visited 1 branch

Inventory:

Hand Weapons
 q - a +2 scimitar of electrocution (weapon)
Armour
 a - a +0 pair of gloves
 b - a +0 scale mail (worn)
 c - a +0 shield (worn)
Jewellery
 r - a +3 ring of dexterity (left hand)
 s - a +2 ring of evasion (right hand)
Wands
 p - a wand of acid (10)
Scrolls
 k - 2 scrolls of blinking
 n - 3 scrolls of remove curse
 o - 2 scrolls of amnesia
Potions
 d - a potion of might
 e - 5 potions of curing
 g - 3 potions of heal wounds
 h - a potion of haste
 i - 4 potions of magic
 j - a potion of berserk rage
 m - a potion of invisibility
Comestibles
 f - a ration


   Skills:
 + Level 7.4 Fighting
 + Level 6.9 Long Blades
 + Level 7.3 Armour
 + Level 5.2 Dodging
 + Level 7.3 Shields
 + Level 3.5 Invocations


You had 5 spell levels left.
You didn't know any spells.
Your spell library was empty.

Dungeon Overview and Level Annotations

Branches:
Dungeon (1/1)

Altars:
Cheibriados
Dithmenos
Elyvilon
Fedhas
Gozag
Hepliaklqana
Kikubaaqudgha
Makhleb
Nemelex Xobeh
Okawaru
Qazlal
Ru
Sif Muna
Trog
Uskayaw
Vehumet
Wu Jian
Xom
Yredelemnul
Zin
The Shining One
Beogh
Jiyva
Lugonu


Innate Abilities, Weirdness & Mutations

You reflexively headbutt those who attack you in melee.
You have a pair of horns on your head.


Message History

You are too injured to fight recklessly!
You are too injured to fight recklessly!
Unknown command.
You are too injured to fight recklessly!
You slash the orc wizard!
Lightning courses through the orc wizard!
You kill the orc wizard!
Okawaru accepts your kill.
You have reached level 6!
Your experience leads to an increase in your attributes!
Your base attributes are Str 21, Int 5, Dex 10.
Increase (S)trength, (I)ntelligence, or (D)exterity?
You feel agile.
The gargoyle hurls a stone arrow at you.
The stone arrow hits you!!
* * * LOW HITPOINT WARNING * * *
You barely miss the gargoyle.
You headbutt the gargoyle, but do no damage.
The gargoyle hits you with a +0 flail!
You die...

▓.▓
▓.▓
▓.▓
▓.▓
▓.▓
▓9▓
▓9▓
▓@▓
▓)▓
▓[▓
▓[▓
▓.▓
▓)▓
▓|▓
▓.▓
▓.▓


You could see 2 gargoyles.

Vanquished Creatures
  A phantom (D)
  A crimson imp (D)
  A hound (D)
  An orc priest (D)
  An orc wizard (D)
  An iguana (D)
  A worker ant (D)
  An ooze (D)
  An orc (D)
  3 bats (D)
  A leopard gecko zombie (D)
  A rat (D)
14 creatures vanquished.

Notes
Turn   | Place    | Note
-------+----------+-------------------------------------------
     0 | D        | DasRunzen the Minotaur Fighter began the quest for the Orb.
     0 | D        | Reached XP level 1. HP: 19/19 MP: 0/0
    15 | D        | Reached XP level 2. HP: 22/28 MP: 1/1
    22 | D        | Noticed a crimson imp
    23 | D        | Reached skill level 5 in Fighting
    23 | D        | Reached skill level 5 in Armour
    23 | D        | Reached skill level 1 in Dodging
    23 | D        | Reached skill level 5 in Shields
    23 | D        | Reached XP level 3. HP: 29/36 MP: 2/2
    35 | D        | Reached skill level 5 in Long Blades
    35 | D        | Reached XP level 4. HP: 10/44 MP: 3/3
    50 | D        | Found a roughly hewn altar of Beogh.
    50 | D        | Found a snail-covered altar of Cheibriados.
    50 | D        | Found a shadowy altar of Dithmenos.
    50 | D        | Found a white marble altar of Elyvilon.
    50 | D        | Found a blossoming altar of Fedhas.
    50 | D        | Found an opulent altar of Gozag.
    51 | D        | Found a hazy altar of Hepliaklqana.
    52 | D        | Found a viscous altar of Jiyva.
    53 | D        | Found an ancient bone altar of Kikubaaqudgha.
    54 | D        | Found a corrupted altar of Lugonu.
    55 | D        | Found a burning altar of Makhleb.
    56 | D        | Found a sparkling altar of Nemelex Xobeh.
    57 | D        | Found an iron altar of Okawaru.
    58 | D        | Found a stormy altar of Qazlal.
    59 | D        | Found a sacrificial altar of Ru.
    60 | D        | Found a deep blue altar of Sif Muna.
    61 | D        | Found a bloodstained altar of Trog.
    62 | D        | Found a hide-covered altar of Uskayaw.
    63 | D        | Found a radiant altar of Vehumet.
    64 | D        | Found an ornate altar of the Wu Jian Council.
    65 | D        | Became a worshipper of Warmaster Okawaru
    66 | D        | Found a shimmering altar of Xom.
    67 | D        | Found a basalt altar of Yredelemnul.
    68 | D        | Found a glowing silver altar of Zin.
    69 | D        | Found a glowing golden altar of the Shining One.
   275 | D        | Noticed a gargoyle
   275 | D        | Noticed a gargoyle
   275 | D        | Noticed a phantom
   277 | D        | Reached skill level 1 in Invocations
   281 | D        | Killed a phantom
   281 | D        | Reached XP level 5. HP: 37/52 MP: 3/6
   283 | D        | Reached skill level 5 in Dodging
   284 | D        | Reached XP level 6. HP: 24/60 MP: 3/7
   285 | D        | Slain by a gargoyle

Levels and vault maps discovered:
D:        linesprint [early_d, line_temple, items_1, d_10, items_2, lair_1,
          lair_end, items_3, orc_1, orc_end, items_4, d_15, swamp_1, shoals_1,
          snake_1, spider_1, d_20, vaults_1, items_5, swamp_end, shoals_end,
          snake_end, spider_end, vaults_end, d_27, items_6, zot_1, zot_end,
          crypt_end, forest_end, elf_end, slime_end, tomb_end, abyss_end,
          pan_hell_end]

Skill      XL: |  1  2  3  4  5 |
---------------+----------------+-----
Fighting       | 4 5 7 |  7.4
Armour         | 4 5 6 7 |  7.3
Shields        | 4 5 7 |  7.3
Long Blades    | 3 4 5 6 |  6.9
Dodging        | 1 3 4 5 |  5.2
Invocations    | 3 |  3.5

Action                   |  1- 3 |  4- 6 || total
-------------------------+-------+-------++-------
Melee: Long sword        |    25 |     2 ||    27
       Headbutt          |     3 |     4 ||     7
       Scimitar          |       |    10 ||    10
Armor: Scale mail        |     7 |     2 ||     9
Dodge: Dodged            |     8 |     2 ||    10
Block: Shield            |     7 |     3 ||    10
       Rpst.: Scimitar   |       |     1 ||     1

Table legend:
 A = Non-vault XP
 B = Vault XP
 C = Vault XP percentage of total XP
 D = Non-vault monster count
 E = Vault monster count
 F = Vault count percentage of total count
                 A         B        C        D         E       F
            +---------+---------+-------+---------+---------+-------
      Total |       0 |     382 | 100.0 |       0 |      14 | 100.0
            +---------+---------+-------+---------+---------+-------
          D |       0 |     382 | 100.0 |       0 |      14 | 100.0
            +---------+---------+-------+---------+---------+-------
